 Dungeon Crawl Stone Soup version 0.31-a0-4-gefa6de2278 (webtiles) character file.

Game seed: 16176294422973975041

39 retardedninja the Firebug (level 3, -1/25 HPs)
             Began as a Gnoll Fire Elementalist on May 3, 2023.
             Slain by an adder (2 damage)
             ... on level 1 of the Dungeon.
             The game lasted 00:03:32 (2264 turns).

retardedninja the Firebug (Gnoll Fire Elementalist) Turns: 2264, Time: 00:03:32

Health: -1/25      AC:  2    Str:  7    XL:     3   Next: 47%
Magic:  7/9        EV: 13    Int: 16    God:
Gold:   38         SH:  0    Dex: 12    Spells: 11/12 levels left

rFire   . . .        i - +0 whip
rCold   . . .        (no shield)
rNeg    . . .        a - +0 robe
rPois   .            (no helmet)
rElec   .            (no cloak)
rCorr   .            (no gloves)
SInv    .            (no boots)
Will    .....        (no amulet)
Stlth   ++           (no ring)
HPRegen 0.24/turn    (no ring)
MPRegen 0.11/turn

%: no passive effects
@: lethally poisoned (-1 -> -5)
A: fangs 1, strong nose, distributed training
a: no special abilities


You were on level 1 of the Dungeon.
You visited 1 branch of the dungeon, and saw 2 of its levels.

You collected 38 gold pieces.

Inventory:

Hand Weapons
 i - a +0 whip (weapon)
Armour
 a - a +0 robe (worn)
 j - a +0 pair of gloves
Scrolls
 c - a scroll of noise {unknown}
 d - 2 scrolls of identify {unknown}
 e - a scroll of fear {unknown}
 f - a scroll of amnesia {unknown}
 g - a scroll of teleportation {unknown}
 h - a scroll of enchant weapon {unknown}
 l - a scroll of poison {unknown}
Potions
 b - a potion of magic


   Skills:
 + Level 0.9 Fighting
 + Level 0.9 Short Blades
 + Level 0.9 Long Blades
 + Level 0.9 Axes
 + Level 0.9 Maces & Flails
 + Level 0.9 Polearms
 + Level 0.9 Staves
 + Level 0.9 Ranged Weapons
 + Level 0.9 Throwing
 + Level 0.9 Armour
 + Level 4.5 Dodging
 + Level 4.2 Stealth
 + Level 0.9 Shields
 + Level 0.9 Unarmed Combat
 + Level 5.0 Spellcasting
 + Level 2.1 Conjurations
 + Level 0.6 Hexes
 + Level 0.6 Summonings
 + Level 0.6 Necromancy
 + Level 0.6 Translocations
 + Level 0.6 Transmutations
 + Level 5.4 Fire Magic
 + Level 0.6 Ice Magic
 + Level 0.6 Air Magic
 + Level 0.6 Earth Magic
 + Level 0.6 Poison Magic
 + Level 1.0 Invocations
 + Level 0.9 Evocations


You had 11 spell levels left.
You knew the following spells:

 Your Spells              Type           Power      Damage    Failure   Level
a - Foxfire               Conj/Fire      64%        2x1d7     3%          1

Your spell library contained the following spells:

 Spells                   Type           Power      Damage    Failure   Level
 Scorch                   Fire           42%        2d7       2%          2
 Inner Flame              Hex/Fire       13%        N/A       13%         3
 Volatile Blastmotes      Fire/Tloc      26%        2d12      13%         3
 Flame Wave               Conj/Fire      16%        2d7       32%         4


Dungeon Overview and Level Annotations

Branches:
Dungeon (2/15)

Altars:

Shops:
D:1 ((


Innate Abilities, Weirdness & Mutations

You have very sharp teeth.
Your uncanny sense of smell can sniff out nearby items.
Your experience applies equally to all skills.


Message History

The bat attacks as you move away! The bat barely misses you.
The bat hits you but does no damage. x2
The bat attacks as you move away! The bat hits you. The bat barely misses you.
The bat attacks as you move away! The bat closely misses you.
The bat hits you but does no damage. The bat barely misses you.
The bat hits you. The bat attacks as you move away!
The bat barely misses you. x2
The bat hits you but does no damage. The adder barely misses you.
The bat closely misses you. The adder closely misses you.
There is a stone staircase leading up here.
The adder barely misses you.
You climb upwards.
There is a stone staircase leading down here.
The adder bites you.
Casting: Foxfire (safe; 3% risk of failure)
Press: ? - help, Q - select action Dir - look around, f - activate You conjure some foxfire!
The adder bites you.
* * * LOW HITPOINT WARNING * * *
You are poisoned.
The adder poisons you! The adder bites you.
* * * LOW HITPOINT WARNING * * *
You are more poisoned.
The adder poisons you!
Casting: Foxfire (safe; 3% risk of failure)
Press: ? - help, Q - select action Dir - look around, f - activate You conjure some foxfire!
* * * LOW HITPOINT WARNING * * *
You feel sick.
The foxfire hits the adder but does no damage.
The adder is lightly wounded.
The foxfire hits the adder.
The adder is heavily wounded.
The adder misses you.
* * * LOW HITPOINT WARNING * * *
You feel sick.
The foxfire hits the adder.
The adder is almost dead.
The adder bites you.
You die...

#.#~~.~~....8~.8~~.##.###+##
#.##~~.~~~~~~~.~~#.##.##...######
#.###~~.......~~.................
#.....~~~~8~~~~#.#.##.##.........
......###~~~####.#....##.........
#####......## #.#.#####.........
...#....##.# #.#....##.........
##.#....##.# ###.#.##.##.........
#.#....##.# #.ยง@S>##.##...###.##
##.#....##.# #.#.####.##...# #.##
##.#....##.# #.#.# #.##...# #.##
##.#....##.###.#.# #.##...# #.##
##..#+#..........# #.##...# #.##
..#.#.####.###.#.# #.##...# #.#
###.#.# #.# #.#.####.##...###.#
#.#.####.###.#....#..........#
#.#>..)........##.############


You could see an adder.

Vanquished Creatures
  An adder (D:2)
  A worm (D:2)
  2 endoplasms (D:2)
  3 giant cockroaches
  4 jackals (D:1)
  A kobold (D:2)
  A quokka (D:1)
  2 ball pythons
  3 bats
  A frilled lizard (D:1)
  4 goblins
  3 rats
26 creatures vanquished.

Vanquished Creatures (collateral kills)
  2 foxfires (D:2)
2 creatures vanquished.

Vanquished Creatures (others)
  155 foxfires
  2 plants (D:2)
157 creatures vanquished.

Grand Total: 185 creatures vanquished

Notes
Turn   | Place    | Note
-------+----------+-------------------------------------------
     0 | D:1      | retardedninja the Gnoll Fire Elementalist began the quest
                  | for the Orb.
     0 | D:1      | Reached XP level 1. HP: 13/13 MP: 6/6
   312 | D:1      | Reached XP level 2. HP: 19/19 MP: 5/7
   422 | D:1      | Found Kichomn's Weapon Boutique.
   704 | D:1      | Found Eloimpar's Antique Weapon Shop.
  1829 | D:2      | Reached skill level 5 in Spellcasting
  1829 | D:2      | Reached XP level 3. HP: 9/25 MP: 4/9
  2045 | D:2      | Reached skill level 1 in Invocations
  2264 | D:1      | HP: 1/25 [poisoned by an adder]
  2264 | D:1      | Slain by an adder

Illustrated notes

Levels and vault maps discovered:
D:1:      nagdon_arrival_double_spiral, layout_basic, serial_shops,
          nicolae_shop_advertising_works [nicolae_subvault_shop_adworks], shop
D:2:      layout_rooms, serial_bayou_pond_a, hex_intersection,
          dreamdust_princess_bridge

Skill      XL: |  1  2  3 |
---------------+----------+-----
Conjurations   | 2 |  2.1
Spellcasting   | 5 |  5.0
Invocations    | 1 |  1.0
Fighting       | |  0.9
Short Blades   | |  0.9
Long Blades    | |  0.9
Axes           | |  0.9
Maces & Flails | |  0.9
Polearms       | |  0.9
Staves         | |  0.9
Ranged Weapons | |  0.9
Throwing       | |  0.9
Armour         | |  0.9
Dodging        | |  4.5
Stealth        | |  4.2
Shields        | |  0.9
Unarmed Combat | |  0.9
Hexes          | |  0.6
Summonings     | |  0.6
Necromancy     | |  0.6
Translocations | |  0.6
Transmutations | |  0.6
Fire Magic     | |  5.4
Ice Magic      | |  0.6
Air Magic      | |  0.6
Earth Magic    | |  0.6
Poison Magic   | |  0.6
Evocations     | |  0.9

Action                     || total
---------------------------++-------
   Cast: Foxfire           ||    94
    Use: Potion            ||     1
 Armour: Robe              ||    13
  Dodge: Dodged            ||    54

Table legend: (Time is in decaauts)
 A = Elapsed time spent in this place.
 B = Non-inter-level travel time spent in this place.
 C = Inter-level travel time spent in this place.
 D = Time resting spent in this place.
 E = Time spent auto-exploring this place.
 F = Levels seen in this place.
 G = Mean time per level.
                   A        B        C        D        E       F      G
               +--------+--------+--------+--------+--------+-----+--------+
         Total |   2258 |   2244 |     14 |    254 |   1658 |   2 | 1129.0 |
       Dungeon |   2258 |   2244 |     14 |    254 |   1658 |   2 | 1129.0 |
               +--------+--------+--------+--------+--------+-----+--------+

Top non-repeatable levels by time:
     D:1: 1650 daAuts
     D:2: 608 daAuts
